[Event "FIDE Open A - Konik"]
[Site "?"]
[Date "2013.05.01"]
[Round "5.14"]
[White "Holemár, David"]
[Black "Blahynka, Martin"]
[Result "0-1"]
[ECO "C47"]
[WhiteElo "2285"]
[BlackElo "2155"]
[PlyCount "78"]
[EventDate "2013.??.??"]
[TimeControl "6000+1155"]
[WhiteClock "0:00:34"]
[BlackClock "0:01:35"]

1. e4 e5 2. Nf3 Nc6 3. Nc3 Nf6 4. a3 d5 5. exd5 Nxd5 6. Bb5 Nxc3 7. bxc3 Bd6 8.
d4 exd4 9. cxd4 O-O 10. h3 Re8+ 11. Be3 Bf4 12. d5 Bxe3 13. fxe3 Rxe3+ 14. Kf2
Rxf3+ 15. gxf3 Qh4+ 16. Kg2 Ne7 17. Qe1 Qg5+ 18. Qg3 Qd2+ 19. Qf2 Qxd5 20. Rad1
Qg5+ 21. Qg3 Qxg3+ 22. Kxg3 Nf5+ 23. Kf2 Nd6 24. Bd3 Be6 25. h4 h5 26. Rhe1 Re8
27. Re5 g6 28. Rde1 Kg7 29. Kg3 Kf6 30. Ra5 a6 31. Rc5 Re7 32. Kf2 Rd7 33. Re3
b6 34. Rg5 c5 35. Rg1 c4 36. Be4 Nf5 37. Bxf5 Bxf5 38. c3 Rd5 39. Re2 Rb5 0-1

[Event "FIDE Open A - Konik"]
[Site "?"]
[Date "2013.05.01"]
[Round "5.15"]
[White "Ockay, Tomás"]
[Black "Malík, Jan"]
[Result "1/2-1/2"]
[ECO "A06"]
[WhiteElo "2146"]
[BlackElo "2265"]
[PlyCount "190"]
[EventDate "2013.??.??"]
[TimeControl "6000+1515"]
[WhiteClock "0:05:19"]
[BlackClock "0:18:23"]

1. Nf3 d5 2. b3 Nf6 3. Bb2 Bf5 4. c4 e6 5. d3 h6 6. g3 Be7 7. Bg2 O-O 8. O-O
Nbd7 9. Nc3 c6 10. Qd2 Bh7 11. Rac1 a5 12. Rfd1 Qb6 13. Na4 Qa7 14. Bd4 Qb8 15.
cxd5 exd5 16. Bh3 Ba3 17. Rc2 Re8 18. Qc3 Bf8 19. Qb2 Bg6 20. Nb6 Nxb6 21. Bxb6
Bh5 22. Bd4 Bxf3 23. exf3 Qd6 24. f4 Nd7 25. Re2 Rxe2 26. Qxe2 a4 27. Be5 Qe7
28. Re1 axb3 29. axb3 Nc5 30. b4 Na6 31. b5 cxb5 32. Bg2 Nb4 33. Qd2 Ra2 34.
Qc3 Qc5 35. Qxc5 Bxc5 36. d4 Bf8 37. Rb1 f6 38. Bc7 Rd2 39. Bb6 Kf7 40. Bf1 Nc6
41. Rxb5 Nxd4 42. Bxd4 Rxd4 43. Rxb7+ Be7 44. Be2 g6 45. Rb3 Rd2 46. Kf1 Ke6
47. Rd3 Ra2 48. Bf3 Ra5 49. Rd2 Kd6 50. Ke2 Bd8 51. h4 Bb6 52. Rc2 Ra3 53. h5
gxh5 54. Bxh5 d4 55. Bg6 Ba5 56. Bd3 Ra1 57. Bf5 Bc3 58. Kd3 Kc5 59. Re2 Rd1+
60. Kc2 Rf1 61. Bh3 Rh1 62. Bf5 Ra1 63. Kd3 Kb4 64. Kc2 Ra5 65. Be6 Ra6 66. Kd3
Ra1 67. Kc2 Rh1 68. Bf5 Rh2 69. Kd3 Rh1 70. Kc2 Be1 71. Kd3 Bc3 72. Kc2 h5 73.
Be4 Rh2 74. Kd3 h4 75. gxh4 Rxh4 76. f5 Rh3+ 77. f3 Rh1 78. Kc2 Ra1 79. Kd3 Ra3
80. Kc2 Ba1 81. Re1 Kc4 82. Rd1 Bc3 83. Rd3 Ra2+ 84. Kb1 Re2 85. Rd1 Bd2 86.
Kc2 Bb4+ 87. Kb1 Kb3 88. Bd5+ Kc3 89. Be4 Rd2 90. Rxd2 Kxd2 91. Kb2 d3 92. Kb3
Bd6 93. Kc4 Ke2 94. Bxd3+ Kxf3 95. Bb1 Kf4 1/2-1/2

[Event "FIDE Open A - Konik"]
[Site "?"]
[Date "2013.05.01"]
[Round "5.16"]
[White "Rakús, Pavel"]
[Black "Furman, Boris"]
[Result "1/2-1/2"]
[ECO "A08"]
[WhiteElo "2144"]
[BlackElo "2223"]
[PlyCount "20"]
[EventDate "2013.??.??"]
[TimeControl "6000+380"]
[WhiteClock "1:15:34"]
[BlackClock "1:22:03"]

1. Nf3 d5 2. g3 c5 3. Bg2 Nc6 4. d4 cxd4 5. Nxd4 e6 6. O-O Nf6 7. c4 Bc5 8.
Nxc6 bxc6 9. Qc2 Be7 10. b3 O-O 1/2-1/2

[Event "FIDE Open A - Konik"]
[Site "?"]
[Date "2013.05.01"]
[Round "5.1"]
[White "Orzechowski, Jacek"]
[Black "Záleský, Karel"]
[Result "1-0"]
[ECO "A10"]
[WhiteElo "2219"]
[BlackElo "2100"]
[PlyCount "105"]
[EventDate "2013.??.??"]
[TimeControl "6000+1320"]
[WhiteClock "0:02:11"]
[BlackClock "0:01:14"]

1. c4 g6 2. Nc3 Bg7 3. g3 e6 4. Bg2 c6 5. e4 Ne7 6. Nge2 O-O 7. d4 d6 8. h4 e5
9. d5 c5 10. h5 a6 11. Be3 f6 12. Qd2 Bd7 13. hxg6 hxg6 14. Bh6 Rf7 15. Bxg7
Rxg7 16. f4 g5 17. fxe5 fxe5 18. Rh5 Nc8 19. O-O-O Bg4 20. Rh6 Rh7 21. Rxh7
Kxh7 22. Rh1+ Kg6 23. Nd1 Nd7 24. Ne3 Nf6 25. Ng1 Ne7 26. Nxg4 Nxg4 27. Bh3 Nh6
28. Nf3 Neg8 29. Be6 Qe7 30. g4 Rf8 31. Bf5+ Kf7 32. Nxg5+ Ke8 33. Ne6 Nxf5 34.
Nxf8 Ng3 35. Rg1 Qxf8 36. Rxg3 Qf1+ 37. Kc2 Qxc4+ 38. Kd1 Qxe4 39. Qd3 Qh1+ 40.
Kc2 e4 41. Qe2 Nf6 42. g5 Nxd5 43. g6 Nb4+ 44. Kb3 Qb1 45. g7 Qxa2+ 46. Kc3
Nd5+ 47. Kc2 Nb4+ 48. Kd2 Qxb2+ 49. Ke1 Qc1+ 50. Kf2 Nd3+ 51. Rxd3 Qf4+ 52. Kg2
Kd7 53. Rg3 1-0

[Event "FIDE Open A - Konik"]
[Site "?"]
[Date "2013.05.01"]
[Round "5.2"]
[White "Szotkowski, Jakub"]
[Black "Kufa, Pavel"]
[Result "1-0"]
[ECO "A52"]
[WhiteElo "2135"]
[BlackElo "2214"]
[PlyCount "55"]
[EventDate "2013.??.??"]
[TimeControl "6000+680"]
[WhiteClock "0:56:31"]
[BlackClock "1:10:00"]

1. d4 Nf6 2. c4 e5 3. dxe5 Ng4 4. Bf4 Nc6 5. Nf3 Bb4+ 6. Nbd2 Qe7 7. e3 Ngxe5
8. Be2 d6 9. O-O Bxd2 10. Qxd2 Be6 11. Qc3 f6 12. b4 g5 13. Bg3 h5 14. b5 h4
15. Bxe5 Nxe5 16. Nxe5 dxe5 17. Rad1 Qc5 18. Kh1 O-O 19. f4 Rad8 20. Rxd8 Rxd8
21. fxg5 fxg5 22. Qc2 Bf7 23. Rxf7 Kxf7 24. Bh5+ Ke7 25. Qh7+ Kd6 26. Qg6+ Kd7
27. Bg4+ Ke7 28. Qg7+ 1-0

[Event "FIDE Open A - Konik"]
[Site "?"]
[Date "2013.05.01"]
[Round "5.3"]
[White "Zidek, Václav"]
[Black "Nguyen, Thai Dai Van"]
[Result "0-1"]
[ECO "D31"]
[WhiteElo "2190"]
[BlackElo "2132"]
[PlyCount "104"]
[EventDate "2013.??.??"]
[TimeControl "6000+1420"]
[WhiteClock "0:04:47"]
[BlackClock "0:22:44"]

1. d4 d5 2. c4 e6 3. Nc3 Be7 4. cxd5 exd5 5. Bf4 c6 6. e3 Bf5 7. g4 Be6 8. h3
Nf6 9. Qc2 c5 10. Nge2 Nc6 11. dxc5 Bxc5 12. Bg2 O-O 13. O-O Qe7 14. Rfd1 Rfd8
15. Na4 Bd6 16. Bxd6 Rxd6 17. Nc5 Rc8 18. Rac1 Rdd8 19. Qa4 a6 20. a3 Ne5 21.
b4 Nc4 22. Qb3 b6 23. Nxe6 fxe6 24. a4 Kh8 25. Nd4 e5 26. Nf5 Qe6 27. Bxd5 Rxd5
28. Rxd5 Qxd5 29. Ne7 Qf3 30. Rxc4 Rf8 31. Rc8 Rxc8 32. Nxc8 Nxg4 33. hxg4
Qxg4+ 34. Kh2 Qxc8 35. Qd5 Qb8 36. e4 h6 37. b5 axb5 38. axb5 Qe8 39. Qc6 Qh5+
40. Kg3 Qg5+ 41. Kh2 Qf6 42. Kg2 Kh7 43. Kg3 h5 44. Kg2 Qg5+ 45. Kh3 Qg4+ 46.
Kh2 h4 47. Qc4 Qf3 48. Kg1 h3 49. Qf1 g5 50. Kh2 g4 51. Qg1 Qxe4 52. f3 Qf4+
0-1

[Event "FIDE Open A - Konik"]
[Site "?"]
[Date "2013.05.01"]
[Round "5.4"]
[White "Chromík, Tomás"]
[Black "Mrva, Vladimir"]
[Result "1/2-1/2"]
[ECO "E17"]
[WhiteElo "1885"]
[BlackElo "2185"]
[PlyCount "41"]
[EventDate "2013.??.??"]
[TimeControl "6000+680"]
[WhiteClock "0:36:53"]
[BlackClock "0:34:39"]

1. d4 Nf6 2. c4 e6 3. Nf3 b6 4. g3 Bb7 5. Bg2 Be7 6. Nc3 Ne4 7. Bd2 f5 8. Qc2
Nxc3 9. Bxc3 Be4 10. Qd2 O-O 11. O-O Bf6 12. Rfd1 d6 13. Rac1 Nd7 14. b4 Re8
15. e3 Nf8 16. Qb2 Qe7 17. Rd2 Red8 18. Rcd1 Rab8 19. Ne1 Bxg2 20. Nxg2 g6 21.
Nf4 1/2-1/2

[Event "FIDE Open A - Konik"]
[Site "?"]
[Date "2013.05.01"]
[Round "5.5"]
[White "Kozák, Milos"]
[Black "Leks, Maria"]
[Result "1-0"]
[ECO "A11"]
[WhiteElo "2175"]
[BlackElo "2091"]
[PlyCount "41"]
[EventDate "2013.??.??"]
[TimeControl "6000+1230"]
[WhiteClock "0:48:43"]
[BlackClock "0:37:24"]

1. c4 c6 2. Nf3 Nf6 3. Nc3 d5 4. e3 a6 5. d4 Bg4 6. Qb3 b5 7. cxd5 Bxf3 8. gxf3
cxd5 9. a4 b4 10. Qxb4 e6 11. Qb7 Nbd7 12. Bxa6 Rb8 13. Qc6 Rb6 14. Qc8 Qxc8
15. Bxc8 Nb8 16. a5 Rc6 17. Bb7 Rc7 18. a6 Nbd7 19. a7 Nb6 20. a8=Q+ Nxa8 21.
Rxa8+ 1-0

[Event "FIDE Open A - Konik"]
[Site "?"]
[Date "2013.05.01"]
[Round "5.6"]
[White "Kapusta, Petr"]
[Black "Kula, Dominik"]
[Result "1/2-1/2"]
[ECO "B32"]
[WhiteElo "2165"]
[BlackElo "1854"]
[PlyCount "96"]
[EventDate "2013.??.??"]
[TimeControl "6000+675"]
[WhiteClock "0:05:52"]
[BlackClock "0:13:57"]

1. e4 c5 2. Nf3 Nc6 3. d4 cxd4 4. Nxd4 e5 5. Nb5 a6 6. Nd6+ Bxd6 7. Qxd6 Qe7 8.
Qxe7+ Ngxe7 9. c4 Nd4 10. Bd3 f5 11. Be3 Nec6 12. Nc3 d6 13. Nd5 O-O 14. f3 f4
15. Bf2 Be6 16. O-O-O b5 17. b3 Rab8 18. cxb5 axb5 19. Kb2 Rfc8 20. Bxd4 Bxd5
21. Bxe5 Bxb3 22. Bxd6 Bxd1 23. Bxb8 Bxf3 24. Bxf4 Bxg2 25. Rg1 Nb4 26. Bb1 Bh3
27. Be5 g6 28. a3 Nc6 29. Ba2+ Kf8 30. Bd6+ Ke8 31. Rg3 Kd7 32. Rxh3 Kxd6 33.
Rxh7 Ne5 34. Bd5 Nd3+ 35. Kb3 Kc5 36. Kc3 Nf4 37. Bf7 Ra8 38. Kb3 Rd8 39. Rh4
g5 40. Rg4 Rd3+ 41. Kb2 Rd2+ 42. Kc1 Rxh2 43. Rxg5+ Kd4 44. e5 Kc3 45. Rg3+
Nd3+ 46. Kb1 Rh1+ 47. Ka2 Rh2+ 48. Kb1 Rh1+ 1/2-1/2

[Event "FIDE Open A - Konik"]
[Site "?"]
[Date "2013.05.01"]
[Round "5.7"]
[White "Taus, Martin"]
[Black "Kondula, Lukas"]
[Result "1-0"]
[ECO "C63"]
[WhiteElo "2169"]
[BlackElo "1968"]
[PlyCount "63"]
[EventDate "2013.??.??"]
[TimeControl "6000+920"]
[WhiteClock "0:23:45"]
[BlackClock "0:03:42"]

1. e4 e5 2. Nf3 Nc6 3. Bb5 f5 4. d3 Nf6 5. Nc3 Bc5 6. exf5 O-O 7. Ne4 Nxe4 8.
dxe4 d5 9. Bg5 Qd6 10. exd5 Nd4 11. Nxd4 Bxd4 12. O-O Rxf5 13. Be3 Qc5 14. Bd3
Rf7 15. Qh5 g6 16. Qxe5 Bxe5 17. Bxc5 b6 18. Ba3 Bb7 19. Bc4 Rf4 20. Bb3 Kg7
21. Rae1 Re8 22. g3 Rf5 23. Bb4 Ba6 24. c4 Kf7 25. Ba4 Rb8 26. Bd7 Rh5 27. Bg4
Bxc4 28. Bxh5 Re8 29. Be2 Bxd5 30. b3 a5 31. Bd2 a4 32. Bc4 1-0

[Event "FIDE Open A - Konik"]
[Site "?"]
[Date "2013.05.01"]
[Round "5.8"]
[White "Dobes, Ludek"]
[Black "Potomák, Vladimír"]
[Result "1/2-1/2"]
[ECO "A49"]
[WhiteElo "2064"]
[BlackElo "2187"]
[PlyCount "92"]
[EventDate "2013.??.??"]
[TimeControl "6000+590"]
[WhiteClock "0:31:24"]
[BlackClock "1:19:16"]

1. d4 Nf6 2. Nf3 g6 3. g3 Bg7 4. Bg2 O-O 5. O-O d6 6. c4 Nbd7 7. b3 e5 8. Bb2
e4 9. Ng5 e3 10. f3 d5 11. Na3 Re8 12. Nh3 c6 13. Nc2 dxc4 14. bxc4 Nb6 15. c5
Na4 16. Rb1 Nd5 17. Qd3 b6 18. Qa3 Nxb2 19. Rxb2 Bf5 20. Rd1 Qe7 21. g4 Bd7 22.
Rb3 bxc5 23. dxc5 h5 24. Rb7 Red8 25. Kh1 Bf8 26. gxh5 Qxc5 27. Qxc5 Bxc5 28.
hxg6 fxg6 29. Ng5 Bf5 30. Ne4 Bxe4 31. fxe4 Nf4 32. Rf1 Rf8 33. Bf3 Rad8 34.
Nb4 Rd2 35. Nxc6 Rxa2 36. e5 Rd2 37. Bg4 g5 38. e6 Rd6 39. Ne7+ Kh8 40. Ng6+
Nxg6 41. Rxf8+ Nxf8 42. e7 Rd1+ 43. Kg2 Bxe7 44. Rxe7 Rd4 45. h3 Rd5 46. Rxe3
a5 1/2-1/2

[Event "FIDE Open A - Konik"]
[Site "?"]
[Date "2013.05.01"]
[Round "5.9"]
[White "Dostál, Radim"]
[Black "Lys, Josef"]
[Result "1/2-1/2"]
[ECO "B33"]
[WhiteElo "2036"]
[BlackElo "2137"]
[PlyCount "137"]
[EventDate "2013.??.??"]
[TimeControl "6000+1710"]
[WhiteClock "0:01:24"]
[BlackClock "0:01:53"]

1. e4 c5 2. Nf3 Nc6 3. d4 cxd4 4. Nxd4 Nf6 5. Nc3 g6 6. Be3 Bg7 7. Nxc6 bxc6 8.
e5 Ng8 9. f4 f6 10. exf6 Nxf6 11. Be2 Qa5 12. O-O Nd5 13. Nxd5 Qxd5 14. Qxd5
cxd5 15. Rad1 Bxb2 16. Rxd5 O-O 17. Rb1 Rb8 18. c3 Rb7 19. Ba6 Rb8 20. Bc4 e6
21. Rd2 d5 22. Be2 d4 23. Rxd4 Rb6 24. Rdd1 Bxc3 25. Bxb6 axb6 26. Rxb6 Ba5 27.
Rbd6 Rxf4 28. Rd8+ Bxd8 29. Rxd8+ Rf8 30. Rxf8+ Kxf8 31. Kf2 Bd7 32. Ke3 Ke7
33. Bf3 h5 34. h4 Kf6 35. Kd4 e5+ 36. Kd5 Be6+ 37. Kd6 Bxa2 38. Be4 Be6 39. Bc2
Bf5 40. Bd1 Bd3 41. Kd5 Kf5 42. g3 Be4+ 43. Kd6 Bb1 44. Kd5 Ba2+ 45. Kd6 e4 46.
Be2 Bb3 47. Kc5 Ke5 48. Kb4 Be6 49. Kc3 Bd7 50. Ba6 Bc6 51. Bc4 Bd7 52. Ba6 Bf5
53. Bc4 e3 54. Bb5 Be4 55. Be2 Bf5 56. Bb5 Kd5 57. Ba6 Be4 58. Bc4+ Ke5 59. Bb5
Bg2 60. Bd3 Be4 61. Bb5 Bf5 62. Ba6 Be6 63. Bd3 Bf7 64. Bf1 Be8 65. Ba6 Bc6 66.
Kd3 g5 67. hxg5 Kf5 68. Bc8+ Kxg5 69. Kxe3 1/2-1/2

[Event "FIDE Open A - Konik"]
[Site "?"]
[Date "2013.05.01"]
[Round "5.10"]
[White "Miculka, Petr"]
[Black "Snyta, Zdenìk"]
[Result "1-0"]
[ECO "B01"]
[WhiteElo "2018"]
[BlackElo "2081"]
[PlyCount "71"]
[EventDate "2013.??.??"]
[TimeControl "6000+1130"]
[WhiteClock "0:02:27"]
[BlackClock "0:02:13"]

1. e4 d5 2. exd5 Nf6 3. d4 Nxd5 4. Bc4 Bf5 5. Nf3 e6 6. O-O Be7 7. Re1 O-O 8.
Bb3 c6 9. c4 Nc7 10. Bf4 Bd6 11. Qd2 a5 12. Nc3 b5 13. cxb5 Nxb5 14. Nxb5 cxb5
15. d5 Bb4 16. Qd4 Bxe1 17. Rxe1 Na6 18. Bg5 Qc8 19. g4 a4 20. Bd1 Bc2 21. Be7
Bxd1 22. Rxd1 exd5 23. Bxf8 Qxf8 24. Qxd5 Nc7 25. Qf5 b4 26. Rd7 g6 27. Qd3 Ne6
28. Ne5 Nc5 29. Qd5 Nxd7 30. Nxd7 Qd8 31. Nf6+ Kg7 32. Nd7 Ra7 33. Qd4+ Kg8 34.
Qd5 Ra8 35. Qd4 f6 36. h4 1-0

[Event "FIDE Open A - Konik"]
[Site "?"]
[Date "2013.05.01"]
[Round "5.11"]
[White "Omamík, Pavel"]
[Black "Mièulka, David"]
[Result "0-1"]
[ECO "A02"]
[WhiteElo "2076"]
[BlackElo "1877"]
[PlyCount "62"]
[EventDate "2013.??.??"]
[TimeControl "6000+795"]
[WhiteClock "0:16:02"]
[BlackClock "0:12:08"]

1. f4 c5 2. Nf3 Nc6 3. e3 g6 4. Nc3 Bg7 5. b3 Nf6 6. Bb2 Nd5 7. Qc1 Nxc3 8.
dxc3 Qa5 9. Qd2 O-O 10. a4 d5 11. Bb5 Bg4 12. Bxc6 bxc6 13. Ne5 Be6 14. Nxc6
Qc7 15. Ne5 Bxe5 16. fxe5 Qxe5 17. O-O Rac8 18. Rae1 Bf5 19. Ba1 c4 20. Bb2 Be4
21. Rf2 Rc6 22. b4 g5 23. Qd4 Qc7 24. g3 Rh6 25. Kf1 e5 26. Qd1 f5 27. Ba3 g4
28. b5 Rf7 29. Qb1 f4 30. Qb4 fxe3 31. Rxe3 Rxh2 0-1

[Event "FIDE Open A - Konik"]
[Site "?"]
[Date "2013.05.01"]
[Round "5.12"]
[White "Kolár, Stanislav"]
[Black "Marek, Matyás"]
[Result "0-1"]
[ECO "B07"]
[WhiteElo "2139"]
[BlackElo "2004"]
[PlyCount "110"]
[EventDate "2013.??.??"]
[TimeControl "6000+875"]
[WhiteClock "0:56:59"]
[BlackClock "0:14:11"]

1. e4 d6 2. d4 Nf6 3. Nc3 e5 4. dxe5 dxe5 5. Qxd8+ Kxd8 6. Bg5 Be6 7. O-O-O+
Nbd7 8. Nf3 Kc8 9. a3 c6 10. h3 Bc5 11. Bh4 Nh5 12. Na4 Bb6 13. Nxb6+ axb6 14.
Ng5 Nhf6 15. Nxe6 fxe6 16. f3 b5 17. g4 Kc7 18. Bg3 Rhd8 19. Be2 Ra4 20. c3 Ng8
21. Rd2 Nh6 22. Bd1 Ra6 23. Bb3 c5 24. Rhd1 Nf7 25. h4 c4 26. Bc2 Rd6 27. Rxd6
Nxd6 28. a4 bxa4 29. Bxa4 b5 30. Bc2 Rf8 31. Rf1 Kc6 32. Kd2 Ra8 33. Bb1 Nb7
34. f4 exf4 35. Rxf4 Ne5 36. Rf1 Rd8+ 37. Ke2 Nd3 38. b3 Nbc5 39. bxc4 bxc4 40.
Ke3 Na4 41. Rf7 Nxc3 42. Rc7+ Kb5 43. Rxg7 Nxb1 44. Rb7+ Ka4 45. Rxb1 c3 46.
Bc7 Rd7 47. Ra1+ Kb3 48. Ba5 c2 49. Bd2 Nb2 50. Ke2 Nc4 51. Bh6 Rd4 52. Ra7 Kc3
53. Kf3 Nd2+ 54. Bxd2+ Kxd2 55. Rc7 Rd3+ 0-1

[Event "FIDE Open A - Konik"]
[Site "?"]
[Date "2013.05.01"]
[Round "5.13"]
[White "Chlevistan, Jakub"]
[Black "Ling, Bronislav"]
[Result "1-0"]
[ECO "D46"]
[WhiteElo "2075"]
[BlackElo "2003"]
[PlyCount "35"]
[EventDate "2013.??.??"]
[TimeControl "6000+625"]
[WhiteClock "1:07:56"]
[BlackClock "1:04:51"]

1. Nf3 d5 2. d4 Nf6 3. c4 e6 4. Nc3 c6 5. e3 Nbd7 6. Bd3 Be7 7. O-O O-O 8. e4
dxe4 9. Nxe4 Nxe4 10. Bxe4 Nf6 11. Bc2 c5 12. Bg5 b6 13. Qd3 g6 14. Rad1 Bb7
15. Bh6 Re8 16. Ba4 Nd7 17. dxc5 Nxc5 18. Qc3 1-0

[Event "FIDE Open A - Konik"]
[Site "?"]
[Date "2013.05.01"]
[Round "5.14"]
[White "Nowak, Maciej"]
[Black "Trombík, Karel"]
[Result "1-0"]
[ECO "D02"]
[WhiteElo "1975"]
[BlackElo "2065"]
[PlyCount "89"]
[EventDate "2013.??.??"]
[TimeControl "6000+780"]
[WhiteClock "0:25:17"]
[BlackClock "0:56:10"]

1. d4 d5 2. Nf3 c6 3. e3 Nf6 4. c4 g6 5. Nc3 Bg7 6. h3 O-O 7. Bd3 e6 8. O-O
Nbd7 9. a4 a5 10. b3 Re8 11. Ba3 e5 12. dxe5 Nxe5 13. Nxe5 Rxe5 14. Bc5 dxc4
15. Bd4 Re8 16. Bxc4 Qe7 17. Qf3 Bf5 18. Rad1 Ne4 19. Nxe4 Bxe4 20. Qf4 Bf5 21.
Bxg7 Kxg7 22. Rd4 Rab8 23. g4 Be6 24. Qe5+ Qf6 25. Qxa5 Bxc4 26. Rxc4 Qf3 27.
Rf4 Qxh3 28. Qc7 Rf8 29. Rd1 g5 30. Qe5+ f6 31. Rd7+ Kh8 32. Qe7 Qh6 33. Rf3
Rbe8 34. Qb4 b6 35. Qxb6 Rb8 36. Qxc6 Rxb3 37. Qe4 Rfb8 38. Kg2 Rb1 39. Rd8+
Rxd8 40. Qxb1 Qg7 41. Qb6 Rf8 42. Qc6 Qg6 43. a5 h5 44. gxh5 Qxh5 45. Rh3 1-0

[Event "FIDE Open A - Konik"]
[Site "?"]
[Date "2013.05.01"]
[Round "5.15"]
[White "Didi, Jan"]
[Black "Maltsev, Leonid"]
[Result "1/2-1/2"]
[ECO "B45"]
[WhiteElo "2053"]
[BlackElo "1989"]
[PlyCount "91"]
[EventDate "2013.??.??"]
[TimeControl "6000+780"]
[WhiteClock "0:01:22"]
[BlackClock "0:05:57"]

1. e4 c5 2. Nf3 e6 3. d4 cxd4 4. Nxd4 Nc6 5. Nc3 Nf6 6. Be3 Qc7 7. Be2 a6 8. a4
b6 9. Nxc6 dxc6 10. f4 Bb7 11. O-O Be7 12. Qe1 O-O 13. Qg3 c5 14. e5 Ne4 15.
Nxe4 Bxe4 16. Bf3 Bxf3 17. Qxf3 Rad8 18. Rae1 f5 19. exf6 Bxf6 20. Qe4 Rd6 21.
c3 Qc6 22. Qxc6 Rxc6 23. Rd1 e5 24. f5 b5 25. axb5 axb5 26. Ra1 b4 27. cxb4
cxb4 28. Rfc1 Rxc1+ 29. Rxc1 b3 30. Rc4 e4 31. Rb4 Bxb2 32. Rxb3 Be5 33. g4 Rb8
34. Rxb8+ Bxb8 35. h3 Kf7 36. Bg5 h6 37. Bh4 g6 38. fxg6+ Kxg6 39. Kf2 h5 40.
Ke3 hxg4 41. hxg4 Ba7+ 42. Kxe4 Bc5 43. Kd5 Be3 44. Ke4 Bc1 45. Kf3 Bb2 46. Ke4
1/2-1/2

[Event "FIDE Open A - Konik"]
[Site "?"]
[Date "2013.05.01"]
[Round "5.16"]
[White "Stehlík, Jiri"]
[Black "Hastík, Svatopluk"]
[Result "1-0"]
[ECO "B08"]
[WhiteElo "1981"]
[BlackElo "2034"]
[PlyCount "118"]
[EventDate "2013.??.??"]
[TimeControl "6000+700"]
[WhiteClock "0:14:19"]
[BlackClock "0:12:57"]

1. d4 Nf6 2. Nf3 g6 3. Nc3 Bg7 4. e4 d6 5. h3 O-O 6. Be3 c6 7. a4 a5 8. Qd2 Re8
9. Be2 b6 10. O-O Ba6 11. Rad1 Bxe2 12. Qxe2 Qc8 13. Rfe1 Na6 14. Bf4 Nb4 15.
Nb1 Nh5 16. Be3 c5 17. c3 Nc6 18. Na3 e5 19. dxc5 dxc5 20. Nb5 Bf8 21. Qc4 h6
22. Nd6 Qe6 23. Qxe6 Rxe6 24. Nb5 Rc8 25. Nd2 Kg7 26. Nc4 Nb8 27. Rd5 Kf6 28.
g3 g5 29. Red1 Be7 30. Kg2 Ng7 31. Rf1 Ne8 32. f4 exf4 33. e5+ Kg6 34. gxf4
gxf4 35. Bxf4 Nc7 36. Rd3 Nxb5 37. axb5 Kh7 38. Bg3 Kg7 39. Ne3 Rd8 40. Nf5+
Kh7 41. Rxd8 Bxd8 42. Nd6 f6 43. Nf7 Bc7 44. exf6 Bxg3 45. Kxg3 Nd7 46. Nd8
Rxf6 47. Rxf6 Nxf6 48. Kf4 Kg6 49. Ke5 a4 50. Ne6 Kf7 51. Nf4 h5 52. Nd5 Nd7+
53. Kd6 Ke8 54. Kc6 Ne5+ 55. Kxb6 Nc4+ 56. Kxc5 Nxb2 57. Kb4 Kd7 58. Nf6+ {
Nd3+ Nd5 Nb2 Kc5} Kd8 59. b6 Nd3+ {Kb4 Nb2 Kc5} 1-0

[Event "FIDE Open A - Konik"]
[Site "?"]
[Date "2013.05.02"]
[Round "6.1"]
[White "Plát, Vojtech"]
[Black "Plischki, Sebastian"]
[Result "1/2-1/2"]
[ECO "D45"]
[WhiteElo "2463"]
[BlackElo "2389"]
[PlyCount "49"]
[EventDate "2013.??.??"]
[TimeControl "6000+1200"]
[WhiteClock "0:59:00"]
[BlackClock "0:52:15"]

1. d4 Nf6 2. Nf3 d5 3. c4 e6 4. Nc3 Nbd7 5. Qc2 c6 6. e3 b6 7. Bd3 Bb7 8. cxd5
cxd5 9. O-O Be7 10. Bd2 O-O 11. Rac1 a6 12. a4 Bd6 13. e4 dxe4 14. Nxe4 Nxe4
15. Bxe4 Bxe4 16. Qxe4 Nf6 17. Qb7 Nd5 18. Rc6 Re8 19. Rfc1 Re7 20. Qxa8 Qxa8
21. Rc8+ Re8 22. Rxa8 Rxa8 23. Rc6 Bc7 24. g3 Kf8 25. Ne5 1/2-1/2

[Event "FIDE Open A - Konik"]
[Site "?"]
[Date "2013.05.02"]
[Round "6.2"]
[White "Simantsev, Mikhail"]
[Black "Heinzel, Olaf"]
[Result "1-0"]
[ECO "D37"]
[WhiteElo "2449"]
[BlackElo "2371"]
[PlyCount "75"]
[EventDate "2013.??.??"]
[TimeControl "6000+1370"]
[WhiteClock "0:01:06"]
[BlackClock "0:14:45"]

1. d4 d5 2. c4 e6 3. Nc3 Nf6 4. Nf3 Nbd7 5. e3 Be7 6. b3 O-O 7. Bd3 b6 8. O-O
Bb7 9. Bb2 c5 10. Qe2 Re8 11. cxd5 exd5 12. Rfd1 a6 13. Rac1 b5 14. dxc5 Bxc5
15. Bf5 Bf8 16. Nd4 g6 17. Bh3 Qb6 18. g3 Nc5 19. b4 Nce4 20. Nxe4 Nxe4 21. a3
Ng5 22. Bg2 Rac8 23. Nb3 Rxc1 24. Rxc1 Ne6 25. Qd3 Rd8 26. Nc5 Bg7 27. Bxg7
Kxg7 28. Nxe6+ Qxe6 29. Rc7 Ba8 30. h4 Kg8 31. Qd4 Rc8 32. Ra7 Qc6 33. h5 gxh5
34. Qf4 Qg6 35. Bh3 d4 36. Kh2 Rf8 37. Bf5 Qc6 38. Rxa8 1-0

[Event "FIDE Open A - Konik"]
[Site "?"]
[Date "2013.05.02"]
[Round "6.3"]
[White "Khaetsky, Roman"]
[Black "Kubeczka, Ales"]
[Result "1-0"]
[ECO "B10"]
[WhiteElo "2426"]
[BlackElo "2032"]
[PlyCount "119"]
[EventDate "2013.??.??"]
[TimeControl "6000+730"]
[WhiteClock "0:20:58"]
[BlackClock "0:20:06"]

1. e4 c6 2. c4 d5 3. exd5 cxd5 4. cxd5 Nf6 5. Nc3 Nxd5 6. Nf3 e6 7. d4 Nc6 8.
Bd3 Be7 9. O-O Bf6 10. Be3 Nxc3 11. bxc3 O-O 12. Rc1 Qa5 13. c4 Rd8 14. Bb1 g6
15. Qd3 Bd7 16. h4 Ne7 17. Qe4 Bc6 18. Qf4 Bg7 19. Ng5 Nf5 20. d5 Be8 21. dxe6
fxe6 22. Nxe6 Bh6 23. Qg4 Nxe3 24. fxe3 Rd6 25. c5 Rc8 26. Kh1 Qa3 27. Qc4 b5
28. Qe4 Bd7 29. Ng5 Rd2 30. Qf3 Rf8 31. Qg3 Rdf2 32. Rfd1 Bxg5 33. Qxg5 Bc6 34.
e4 Qb2 35. Qg3 Qf6 36. Kg1 Qb2 37. Qb3+ Kg7 38. Qxb2+ Rxb2 39. Rf1 Re8 40. Rc2
Rxc2 41. Bxc2 Re5 42. Bb3 Rxc5 43. Rf7+ Kh8 44. Rc7 a5 45. g4 a4 46. Bd5 Rxd5
47. exd5 Bxd5 48. a3 h6 49. Kf2 Kg8 50. Ke3 Be6 51. Kf4 h5 52. g5 Bf5 53. Rb7
Bd3 54. Ke3 Bc4 55. Kd4 Kf8 56. Kc5 Bd3 57. Rxb5 Ke7 58. Ra5 Ke6 59. Rxa4 Kf5
60. Rd4 1-0

[Event "FIDE Open A - Konik"]
[Site "?"]
[Date "2013.05.02"]
[Round "6.4"]
[White "Dolezal, Radoslav"]
[Black "Hausner, Ivan"]
[Result "1/2-1/2"]
[ECO "D02"]
[WhiteElo "2358"]
[BlackElo "2395"]
[PlyCount "21"]
[EventDate "2013.??.??"]
[TimeControl "6000"]
[WhiteClock "1:33:50"]
[BlackClock "1:33:36"]

1. d4 Nf6 2. Nf3 d5 3. Bf4 Bf5 4. e3 e6 5. Bd3 Bxd3 6. Qxd3 c6 7. O-O Bd6 8.
Bxd6 Qxd6 9. c4 O-O 10. Nbd2 Nbd7 11. Rac1 1/2-1/2

[Event "FIDE Open A - Konik"]
[Site "?"]
[Date "2013.05.02"]
[Round "6.5"]
[White "Krejci, Jan"]
[Black "Kubík, Michael"]
[Result "1-0"]
[ECO "E61"]
[WhiteElo "2491"]
[BlackElo "2111"]
[PlyCount "119"]
[EventDate "2013.??.??"]
[TimeControl "6000+1140"]
[WhiteClock "0:43:57"]
[BlackClock "0:00:37"]

1. d4 Nf6 2. c4 g6 3. Nc3 Bg7 4. Nf3 O-O 5. Bg5 c5 6. d5 h6 7. Bh4 d6 8. e3 g5
9. Bg3 Nh5 10. Bd3 f5 11. Nd2 Nxg3 12. hxg3 Na6 13. Qe2 Nc7 14. f4 g4 15. O-O-O
b5 16. cxb5 a6 17. b6 Nb5 18. Bxb5 axb5 19. Qxb5 Ba6 20. Qb3 Rb8 21. Na4 Qd7
22. Nb1 Be2 23. Rde1 c4 24. Qb4 Bd3 25. Nbc3 Ra8 26. Kd2 e6 27. b3 exd5 28.
Nxd5 Rfe8 29. Rxh6 Qf7 30. bxc4 Bxc4 31. Qxc4 Rxa4 32. Qb3 Bxh6 33. b7 Rb8 34.
Nf6+ Kg7 35. Qxa4 Kxf6 36. Qd4+ Ke7 37. Rb1 Qxa2+ 38. Rb2 Qa5+ 39. Kd1 Qc5 40.
Qd3 Qa5 41. Rb5 Qa4+ 42. Kd2 Qe4 43. Qxe4+ fxe4 44. Kc3 Bg7+ 45. Kc4 Ke6 46.
Rb6 Bf6 47. Rb5 Bg7 48. Kb4 Kd7 49. Ka5 Kc7 50. Ka6 Bc3 51. Rh5 Kc6 52. Rh7 Bd2
53. Ka7 Rxb7+ 54. Rxb7 Bxe3+ 55. Ka6 Bc5 56. Re7 e3 57. f5 d5 58. Re6+ Kd7 59.
Kb5 Ba7 60. Kb4 1-0